 Dungeon Crawl Stone Soup version 0.30.0-19-g36f170ea60 (webtiles) character file.

Game seed: 6577350976930985909

125 EC1 the Stinger (level 5, -4/37 HPs)
             Began as a Merfolk Venom Mage on May 30, 2023.
             Slain by Menkaure (15 damage)
             ... on level 4 of the Dungeon.
             The game lasted 00:14:21 (3148 turns).

EC1 the Stinger (Merfolk Venom Mage)                Turns: 3148, Time: 00:14:22

Health: -4/37      AC:  2    Str: 10    XL:     5   Next: 9%
Magic:  4/8        EV: 13    Int: 16    God:
Gold:   156        SH:  0    Dex: 14    Spells: 3/9 levels left

rFire   . . .        j - +5 mace of Celunt {venom, rPois rC+ Str+3 Dex-4}
rCold   + . .        (no shield)
rNeg    . . .        a - +0 robe
rPois   +            (no helmet)
rElec   .            (no cloak)
rCorr   .            (no gloves)
SInv    .            (no boots)
Will    .....        e - amulet of regeneration
Stlth   ++           (no ring)
HPRegen 1.06/turn    (no ring)
MPRegen 0.11/turn

%: no passive effects
@: very slightly contaminated
A: (nimble swimmer 2), mertail, agile 1, sense surroundings 1, poison resistance
a: no special abilities


You were on level 4 of the Dungeon.
You visited 1 branch of the dungeon, and saw 4 of its levels.

You collected 156 gold pieces.

Inventory:

Hand Weapons
 g - a +0 whip
 j - the +5 mace of Celunt (weapon) {venom, rPois rC+ Str+3 Dex-4}
   (You found it on level 3 of the Dungeon)

   Str:       It affects your strength (+3).
   Dex:       It affects your dexterity (-4).
   rC:        It protects you from cold.
   rPois:     It protects you from poison.
 n - a +1 dagger of electrocution
Missiles
 c - 10 poisoned darts
Armour
 a - a +0 robe (worn)
Jewellery
 e - an amulet of regeneration (around neck)
 m - a ring of protection from fire
Wands
 k - a wand of light (13)
Scrolls
 d - 4 scrolls of immolation
 f - a scroll of blinking
 p - a scroll of teleportation
Potions
 b - a potion of magic
 h - a potion of haste


   Skills:
 + Level 1.5 Fighting
 - Level 0.3 Short Blades
 + Level 0.7 Maces & Flails
 + Level 3.3 Dodging
 + Level 2.9 Stealth
 + Level 2.6 Spellcasting
 + Level 1.9 Transmutations
 - Level 0.1 Air Magic
 + Level 4.3 Poison Magic


You had 3 spell levels left.
You knew the following spells:

 Your Spells              Type           Power      Damage    Failure   Level
a - Sting                 Tmut/Pois      48%        1d5       5%          1
b - Poisonous Vapours     Pois/Air       18%        N/A       12%         2
c - Mephitic Cloud        Conj/Pois/Air  6%         N/A       32%         3

Your spell library contained the following spells:

 Spells                   Type           Power      Damage    Failure   Level
 Passwall                 Tmut/Erth      4%         N/A       21%         2
 Ensorcelled Hibernation  Hex/Ice        4%         N/A       30%         2
 Swiftness                Air            2%         N/A       50%         3
 Dazzling Flash           Conj/Hex       4%         N/A       52%         3
 Olgreb's Toxic Radiance  Pois           15%        N/A       32%         4
 Agony                    Necr           2%         N/A       99%         5
 Freezing Cloud           Conj/Ice/Air   1%         6-21      99%         5
 Silence                  Hex/Air        1%         N/A       99%         5


Dungeon Overview and Level Annotations

Branches:
Dungeon (4/15)
 Temple: D:4-7

Altars:
Xom

Annotations:
D:4 Menkaure


Innate Abilities, Weirdness & Mutations

((You are very nimble when in or above water. (Stealth+, EV+, Speed+++)))
Your lower body shifts to a powerful aquatic tail in water.
You are agile. (Dex +4, Str/Int -1)
You passively map a small area around you.
Your system is resistant to poisons. (rPois)


Message History

Menkaure hits you!
* * * LOW HITPOINT WARNING * * *
Magic courses through your body.
Menkaure calls on the powers of darkness!
Your body is wracked with pain!
* * * LOW HITPOINT WARNING * * *
Casting: Sting (safe; 5% risk of failure)
Confirm with . or Enter, or press ? or * to list all spells.
Aiming: Sting (safe; 5% risk of failure)
Press: ? - help, Shift-Dir - straight line, f/p - Menkaure
Aim: Menkaure (moderately damaged, 86% to hit)
The sting hits Menkaure.
Menkaure partially resists.
Menkaure is moderately damaged.
Menkaure closely misses you.
Casting: Sting (safe; 5% risk of failure)
Confirm with . or Enter, or press ? or * to list all spells.
Aiming: Sting (safe; 5% risk of failure)
Press: ? - help, Shift-Dir - straight line, f/p - Menkaure
Aim: Menkaure (moderately damaged, 86% to hit)
You miscast Sting.
You are very lightly contaminated with residual magic.
Nothing appears to happen.
Menkaure giggles, "These cerements are ticklish..."
Menkaure barely misses you.
Casting: Sting (safe; 5% risk of failure)
Confirm with . or Enter, or press ? or * to list all spells.
Aiming: Sting (safe; 5% risk of failure)
Press: ? - help, Shift-Dir - straight line, f/p - Menkaure
Aim: Menkaure (moderately damaged, 86% to hit)
The sting hits Menkaure but does no damage.
Menkaure is moderately damaged.
Casting: Sting (safe; 5% risk of failure)
Confirm with . or Enter, or press ? or * to list all spells.
Aiming: Sting (safe; 5% risk of failure)
Press: ? - help, Shift-Dir - straight line, f/p - Menkaure
Aim: Menkaure (moderately damaged, 86% to hit)
The sting hits Menkaure.
Menkaure is moderately damaged.
Menkaure hits you!
You die...

,, , , , * ,
,,, * ####+####
#.......(
####........
####..'@M......
#..#.##........
#..#.##........
,
#..#.########+#
#####..#.# *
#.....<#.# ,
#.######.# *
#........# * *
, ########## *
,


You could see Menkaure.

Vanquished Creatures
  A gnoll (D:1)
  4 adders
  3 worms
  4 dart slugs
  An orc (D:3)
  5 ball pythons
  An endoplasm (D:2)
  5 giant cockroaches
  6 goblins
  6 hobgoblins
  4 jackals (D:3)
  6 kobolds
  7 bats
  4 frilled lizards
  7 rats
  A butterfly (D:3)
65 creatures vanquished.

Notes
Turn   | Place    | Note
-------+----------+-------------------------------------------
     0 | D:1      | EC1 the Merfolk Venom Mage began the quest for the Orb.
     0 | D:1      | Reached XP level 1. HP: 13/13 MP: 3/3
   139 | D:1      | Reached XP level 2. HP: 14/19 MP: 1/5
   182 | D:1      | Learned a level 2 spell: Poisonous Vapours
   362 | D:1      | Reached skill level 4 in Poison Magic
   375 | D:1      | Reached XP level 3. HP: 25/25 MP: 6/6
   411 | D:1      | Learned a level 3 spell: Mephitic Cloud
  1580 | D:2      | Reached XP level 4. HP: 31/31 MP: 0/7
  1609 | D:2      | Reached skill level 1 in Fighting
  2294 | D:3      | Gained mutation: You are dopey. (Int -2) [potion of
                  | mutation]
  2294 | D:3      | Gained mutation: Your movements are slightly less
                  | encumbered by armour. (ER -2) [potion of mutation]
  2295 | D:3      | Lost mutation: Your movements are slightly less encumbered
                  | by armour. (ER -2) [potion of mutation]
  2295 | D:3      | Lost mutation: You are dopey. (Int -2) [potion of mutation]
  2295 | D:3      | Gained mutation: Your system is resistant to poisons.
                  | (rPois) [potion of mutation]
  2295 | D:3      | Gained mutation: You passively map a small area around you.
                  | [potion of mutation]
  2295 | D:3      | Gained mutation: You are agile. (Dex +4, Str/Int -1)
                  | [potion of mutation]
  2484 | D:3      | Reached XP level 5. HP: 34/37 MP: 8/8
  2544 | D:3      | Found a shimmering altar of Xom.
  2589 | D:3      | Identified the +5 mace of Celunt {venom, rPois rC+ Str+3
                  | Dex-4}
  3138 | D:4      | Noticed Menkaure
  3148 | D:4      | Slain by Menkaure

Illustrated notes

Levels and vault maps discovered:
D:1:      giann_horns, layout_basic
D:2:      minmay_door_path, layout_basic, chequers_serial_rivers_room_b,
          grunt_ministairs_10
D:3:      layout_basic, xom_butterflies
D:4:      layout_basic, yredelemnul_forgotten_temple_becter, tgw_kikubaaqudgha,
          vehumet_crystals, serial_shops, nicolae_stop_n_shop_2, uniq_menkaure,
          uniq_sigmund, uniq_eustachio

Skill      XL: |  1  2  3  4 |
---------------+-------------+-----
Poison Magic   | 4 |  4.3
Dodging        | 3 |  3.3
Fighting       | 1 |  1.5
Short Blades   | |  0.3
Maces & Flails | |  0.7
Stealth        | |  2.9
Spellcasting   | |  2.6
Transmutations | |  1.9
Air Magic      | |  0.1

Action                     |  1- 3 |  4- 6 || total
---------------------------+-------+-------++-------
  Melee: Whip              |   117 |    29 ||   146
         Punch             |     2 |     1 ||     3
         Dagger            |       |    68 ||    68
         Mace              |       |     1 ||     1
   Cast: Sting             |    13 |     9 ||    22
         Poisonous Vapours |     7 |     3 ||    10
         Mephitic Cloud    |     1 |       ||     1
    Use: Scroll            |     5 |     6 ||    11
         Potion            |     2 |     6 ||     8
   Stab: Sleeping          |     4 |     6 ||    10
 Armour: Robe              |    31 |    10 ||    41
  Dodge: Dodged            |   112 |    58 ||   170
